[Event "Torneo Nuevo Centro. Jornada 11"]
[Site "Chess.com"]
[Date "2020.08.28"]
[Round "5"]
[White "Escalona Moncholi, Felix"]
[Black "Sampedro Roig, Josep Francesc"]
[Result "1-0"]
[WhiteElo "2113"]
[BlackElo "1846"]
[TimeControl "180+2"]
[EndTime "11:23:09 PDT"]
[Termination "Victoria de SchachSpielerESP por tiempo"]

1. e4 Nf6 2. e5 Nd5 3. d4 d6 4. Nf3 Bg4 5. c4 Nb6 6. exd6 cxd6 7. Be2 e6 8. Nc3 Be7 9. Be3 O-O 10. O-O Nc6 11.
b3 e5 12. d5 Nb8 13. h3 Bh5 14. Nd2 Bg6 15. f4 f5 16. Rc1 N6d7 17. Bd3 Na6 18. Bb1 b6 19. a3 Nac5 20. b4 Nb7 21. g4 exf4 22. Bxf4 Bg5 23. Nb5 Bxf4 24. Rxf4 fxg4 25. Qxg4 Ne5 26. Rxf8+ Qxf8 27. Qg3 Bxb1 28. Rxb1 Qe7 29.
Nd4 Rf8 30. Ne6 Rf6 31. Kh2 Rg6 32. Qf4 Rf6 33. Qe4 Nd8 34. Ng5 Rh6 35. Rg1 Ndf7 36.
Ne6 g6 37. c5 bxc5 38. bxc5 dxc5 39. Rf1 Qd6 40. Kg2 Qe7 41. Qf4 Rh4 42. Qf2 c4 43. Rb1 h5 44. Rb8+ Kh7 45. Nf1 Ng5 46. Ne3 Nxe6 47. dxe6 Qg5+ 48. Qg3 Qxg3+ 49. Kxg3 Re4 50. e7 Rxe3+ 51. Kf4 1

[Event "Torneo Nuevo Centro. Jornada 11"]
[Site "Chess.com"]
[Date "2020.08.28"]
[Round "5"]
[White "Kovacevic, Slobodan"]
[Black "Carbonell Sancho, Marc"]
[Result "0-1"]
[WhiteElo "2239"]
[BlackElo "1941"]
[TimeControl "180+2"]
[EndTime "11:23:10 PDT"]
[Termination "Victoria de AkaliGOD por tiempo"]

1. d4 Nf6 2. Nf3 g6 3. Bg5 Bg7 4. Nbd2 O-O 5. c3 d6 6. e4 Nbd7 7. Qc2 c5 8. e5 Ne8 9. exd6 Nxd6 10. Be2 b6 11. O-O Bb7 12. Rad1 Rc8 13. dxc5 Nxc5 14. Rfe1 Qc7 15. Bf1 Rfe8 16. Bf4 Qb8 17. h3 Qa8 18. Ne5 f6 19. Nef3 e5 20. Bh2 Kh8 21. b4 Ne6 22. Qb3 Bd5 23. c4 Bb7 24. a3 e4 25. Bxd6 exf3 26.
g3 Nd4 27. Qd3 f5 28. Rxe8+ Rxe8 29. c5 bxc5 30. Bxc5 Ne2+ 31. Kh1 h5 32. h4 Nc3 33. Rc1 Ne4 34. Be3 Nf6 35. Nc4 Be4 36. Qd2 Rd8 37.
Qe1 Qd5 38. Bg5 Rc8 39. Ne3 Rxc1 40. Qxc1 Qd6 41. Qc8+ Kh7 42. Qb7 Bxb7 43. Bf4 Ng4 44. Bxd6 Nxf2+ 45. Kg1 Ne4 46. Bf4 Bd4 47. Kh2 Nd2 48.
Bd3 f2 49. Nf1 Nxf1+ 50. Bxf1 Bc6 51. b5 Be4 52. a4 Bc2 0

[Event "Torneo Nuevo Centro. Jornada 11"]
[Site "Chess.com"]
[Date "2020.08.28"]
[Round "5"]
[White "Aymerich Rosell, Pablo"]
[Black "Donate Moreno, Silvia"]
[Result "0-1"]
[WhiteElo "1991"]
[BlackElo "1864"]
[TimeControl "180+2"]
[EndTime "11:23:30 PDT"]
[Termination "Victoria de monetesSAL por tiempo"]

1. e4 c5 2. Nf3 d6 3. d4 cxd4 4. Nxd4 Nf6 5. Nc3 a6 6. f3 e5 7. Nb3 Be6 8. Be3 Be7 9. Qd2 h6 10. O-O-O O-O 11. g4 Nfd7 12. Nd5 Bh4 13. Kb1 Nc6 14.
h3 Rc8 15. f4 Bxd5 16. exd5 exf4 17. Bxf4 Nce5 18. Nd4 Nc5 19. Nf5 Bf6 20. Be2 Qb6 21. h4 Na4 22. c4 Nxc4 23. Bxc4 Nc3+ 24. Ka1 Nxd1 25. Rxd1 Rxc4 26. g5 Bxb2+ 27. Qxb2 Qxb2+ 28. Kxb2 Rxf4 29. Nxd6 Rxh4 30. gxh6 Rxh6 31. Nf5 Rf6 32. Ne7+ Kh7 33. d6 Rd8 34. d7 g6 35. Nc8 Rf2+ 36.
Kb3 Rf3+ 37. Kb2 Rf2+ 38. Kb3 Rf5 39. a4 Rc5 40. Nb6 Rc7 41. a5 Kg7 42. Rd5 Kf6 43. Kb4 Ke6 44. Rd1 Rc6 45. Re1+ Kf6 46. Re8 Rxb6+ 47.
axb6 Rxd7 48. Rc8 Ke6 49. Rc7 g5 50. Rc4 f5 51. Rc1 g4 52. Re1+ Kf6 53. Kc5 g3 54. Rg1 f4 55. Rf1 Kg5 56. Rd1 Rxd1 0

[Event "Torneo Nuevo Centro. Jornada 11"]
[Site "Chess.com"]
[Date "2020.08.28"]
[Round "5"]
[White "Muñoz Pantoja, Miguel"]
[Black "Sos Andreu, Eric"]
[Result "1-0"]
[WhiteElo "2552"]
[BlackElo "2513"]
[TimeControl "180+2"]
[EndTime "11:23:50 PDT"]
[Termination "Victoria de Indalsa por tiempo"]

1. e4 c6 2. Nc3 d5 3. Nf3 Nf6 4. e5 Ne4 5. Nxe4 dxe4 6. Ng5 Bf5 7. Qe2 Qd5 8. g4 Bg6 9. Bg2 Qxe5 10. Nxe4 Nd7 11.
d3 Bxe4 12. Bxe4 e6 13. c3 Qc7 14. Be3 Bd6 15. h4 Bf4 16. O-O-O Bxe3+ 17. Qxe3 Qb6 18. d4 O-O-O 19. g5 Qa5 20. Kb1 Nb6 21. Rhe1 h6 22. g6 f6 23. Bc2 Rhe8 24. Qh3 Qd5 25. Bb3 Nc4 26. Qd3 b5 27. Bc2 Kb8 28. Qg3+ Qd6 29. Qf3 Kc7 30. h5 a5 31. Bd3 Nb6 32.
Bf1 Re7 33. Bg2 a4 34. Rd2 Nd5 35. Rc2 Nb6 36. Rce2 Rde8 37. Bh3 e5 38. Qg3 Nc4 39.
Bf5 Kb7 40. Bd3 Nb6 41. Be4 Qc7 42. Bg2 Ka7 43. b3 axb3 44. axb3 Kb7 45. Qd3 Kb8 46. dxe5 Rxe5 47. Rxe5 Rxe5 48. Rxe5 Qxe5 49. Bxc6 Qe1+ 50. Kc2 Qxf2+ 51. Qd2 Qf5+ 52. Kb2 Qc5 53. Qd8+ Nc8 54. Qd7 Qf2+ 55. Ka3 Qa7+ 56. Kb4 Qxd7 57. Bxd7 Nd6 58. Bxb5 Kc7 59. Be2 Ne4 60. Bf3 Ng5 61. Bg2 f5 62. Kc5 f4 63. Kd4 f3 64. Bf1 Kd6 65. c4 1

[Event "Torneo Nuevo Centro. Jornada 11"]
[Site "Chess.com"]
[Date "2020.08.28"]
[Round "5"]
[White "Montesinos Diaz, Luis"]
[Black "Gómez Alonso, Óscar"]
[Result "1/2-1/2"]
[WhiteElo "1895"]
[BlackElo "1805"]
[TimeControl "180+2"]
[EndTime "11:24:15 PDT"]
[Termination "Partida en tablas por material insuficiente"]

1. d4 Nf6 2. Nf3 d5 3. e3 g6 4. b4 Bg7 5. Bb2 O-O 6. c4 c6 7. Nbd2 Bg4 8. Be2 Nbd7 9. O-O Re8 10. a4 Ne4 11. Nxe4 dxe4 12. Nd2 Bxe2 13. Qxe2 e5 14. Nb3 exd4 15. Bxd4 Ne5 16. Rfd1 Qe7 17. Nc5 f5 18. h3 b6 19. Bxe5 Bxe5 20. Rab1 bxc5 21.
bxc5 Rab8 22. Qc2 Qxc5 23. Rd7 Re7 24. Rxb8+ Bxb8 25. Rd8+ Kf7 26. Rxb8 Rd7 27. Kh2 Qd6+ 28. g3 c5 29. Rb5 Rc7 30. Qc3 a6 31. Rb2 Rd7 32.
Qh8 Ke6 33. Qe8+ Qe7 34. Qxe7+ Kxe7 35. Rb6 Ra7 36. Rc6 Rb7 37. Rxc5 Kd6 38. Rd5+ Kc6 39. Re5 Rb2 40. Kg2 Ra2 41. Re7 Rxa4 42. Rxh7 Rxc4 43. h4 Kb6 44. Rh6 Rc6 45. h5 gxh5 46. Rxh5 Rc5 47. Rh8 a5 48. Rb8+ Ka6 49. f3 a4 50.
fxe4 fxe4 51. g4 Ra5 52. Kg3 a3 53. Rb1 a2 54. Ra1 Kb6 55. Kf4 Ra4 56. g5 Kc7 57. g6 Kd7 58. Kf5 Ke7 59. Kg5 Kf8 60. Kh6 Kg8 61. Rd1 Ra8 62. Ra1 Kh8 63. g7+ Kg8 64.
Kg6 Ra6+ 65. Kf5 Ra4 66. Kf6 Ra5 67. Kg6 Ra6+ 68. Kf5 Kxg7 69. Kxe4 Kf6 70. Kd3 Ke5 71. Kc3 Ra3+ 72. Kb2 Rxe3 73. Rxa2 Re2+ 74. Kb3 Rxa2 75. Kxa2 1/2-1

[Event "Torneo Nuevo Centro. Jornada 11"]
[Site "Chess.com"]
[Date "2020.08.28"]
[Round "6"]
[White "Alvarez Usina, Jordi"]
[Black "Fitzpatrick Dimas, Kevin"]
[Result "1-0"]
[WhiteElo "1268"]
[BlackElo "838"]
[TimeControl "180+2"]
[EndTime "11:26:39 PDT"]
[Termination "Victoria de jordi_alvarez por abandono"]

1. d4 d5 2. Bf4 Nc6 3. e3 Nf6 4. Nf3 e6 5. Nbd2 Bd6 6. Bg3 Bxg3 7. hxg3 e5 8. dxe5 Ne4 9. c3 Bg4 10. Be2 Bxf3 11. Nxf3 Nd2 12. Qxd2 O-O 13. Qd3 Re8 14. O-O-O 1

[Event "Torneo Nuevo Centro. Jornada 11"]
[Site "Chess.com"]
[Date "2020.08.28"]
[Round "6"]
[White "Ainsa Jimenez, Lucas"]
[Black "del Campo Hernández, Ángel "]
[Result "0-1"]
[WhiteElo "1137"]
[BlackElo "1145"]
[TimeControl "180+2"]
[EndTime "11:26:56 PDT"]
[Termination "Victoria de kawales090 por jaque mate"]

1. e4 c5 2. Nf3 d6 3. Bc4 e6 4. O-O Nc6 5. d3 Na5 6. Nc3 Nxc4 7. dxc4 Nf6 8. e5 Ng4 9. exd6 Qxd6 10. Nd2 Qxh2# 0

[Event "Torneo Nuevo Centro. Jornada 11"]
[Site "Chess.com"]
[Date "2020.08.28"]
[Round "6"]
[White "Aguado, Pablo Luis"]
[Black "Gutierrez Marco, Dario"]
[Result "1-0"]
[WhiteElo "1930"]
[BlackElo "1828"]
[TimeControl "180+2"]
[EndTime "11:27:18 PDT"]
[Termination "Victoria de PLAD_2006 por abandono"]

1. d4 Nf6 2. c4 c5 3. d5 e6 4. Nc3 exd5 5. cxd5 d6 6. Nf3 g6 7. Nd2 Bg7 8. e4 O-O 9. Be2 a6 10. a4 Re8 11. O-O Nbd7 12. Nc4 Ne5 13. f4 Nxc4 14.
Bxc4 Nxe4 15. Nxe4 Rxe4 16. Qc2 Re7 17. Bd3 Rb8 18. f5 Bd4+ 19. Kh1 b5 20. fxg6 fxg6 21. Bg5 Qe8 22. Bxe7 Qxe7 23. Rae1 Qg7 24. Re8+ 1

[Event "Torneo Nuevo Centro. Jornada 11"]
[Site "Chess.com"]
[Date "2020.08.28"]
[Round "6"]
[White "Casado Andreu, David"]
[Black "Miranda Calvo, Max Rodrigo"]
[Result "1-0"]
[WhiteElo "1570"]
[BlackElo "1300"]
[TimeControl "180+2"]
[EndTime "11:27:36 PDT"]
[Termination "Victoria de dave6635 por abandono"]

1. e4 e5 2. Nf3 Nc6 3. Bc4 Bc5 4.
c3 d6 5. Bb3 Bg4 6. d3 Nge7 7. h3 Bxf3 8. Qxf3 O-O 9. O-O Ng6 10.
Re1 Qd7 11. Nd2 Rad8 12. Nf1 a6 13. Ng3 Nh4 14. Qh5 Qe7 15. Bg5 Qe6 16. Bxe6 1

[Event "Torneo Nuevo Centro. Jornada 11"]
[Site "Chess.com"]
[Date "2020.08.28"]
[Round "6"]
[White "Gil López, Alejandro"]
[Black "Roca Cruz, Rafael"]
[Result "1-0"]
[WhiteElo "2200"]
[BlackElo "1808"]
[TimeControl "180+2"]
[EndTime "11:27:42 PDT"]
[Termination "Victoria de AglVal0313 por abandono"]

1. e4 c5 2. Nf3 e6 3. c3 d5 4. exd5 Qxd5 5. d4 Nf6 6. Be3 cxd4 7. Qxd4 Nc6 8. Qxd5 Nxd5 9. Bd2 Bd6 10. Bb5 Bd7 11.
O-O O-O 12. Bg5 a6 13. Ba4 Bf4 14. Bxf4 Nxf4 15. Nbd2 Rfd8 16. Rad1 Ne7 17. Bxd7 Rxd7 18. Nc4 Rd5 19. Nb6 Rb5 20. Nxa8 1

[Event "Torneo Nuevo Centro. Jornada 11"]
[Site "Chess.com"]
[Date "2020.08.28"]
[Round "6"]
[White "Alvarez Usina, Joan"]
[Black "Ortiz Benavent, Alba"]
[Result "0-1"]
[WhiteElo "381"]
[BlackElo "1186"]
[TimeControl "180+2"]
[EndTime "11:27:50 PDT"]
[Termination "Victoria de or20 por abandono"]

1. d4 d5 2. Bf4 Nf6 3. e3 Bf5 4. h4 h5 5. f3 e6 6. Bd3 Bxd3 7. Qxd3 c6 8. Bxb8 Rxb8 9. e4 Qa5+ 10. c3 Nd7 11. b4 Qc7 12. Ne2 Nb6 0

[Event "Torneo Nuevo Centro. Jornada 11"]
[Site "Chess.com"]
[Date "2020.08.28"]
[Round "6"]
[White "Castellano López, Javier"]
[Black "Donate Peris, Jose Manuel"]
[Result "1-0"]
[WhiteElo "1930"]
[BlackElo "1521"]
[TimeControl "180+2"]
[EndTime "11:27:54 PDT"]
[Termination "Victoria de its_xavi_official por abandono"]

1. e4 e6 2. Qe2 c5 3. g3 Nc6 4.
Nf3 g6 5. Bg2 Bg7 6. c3 Nge7 7.
O-O O-O 8. d3 Rb8 9. Be3 b6 10.
Nbd2 Bb7 11. Rac1 Re8 12. Rfd1 d5 13. d4 cxd4 14. Nxd4 Nxd4 15. Bxd4 dxe4 16. Bxg7 Kxg7 17. Nxe4 Qc7 18. Nd6 Red8 19. Nxb7 Rxd1+ 20. Rxd1 Rxb7 21. Bxb7 Qxb7 22. Qe5+ f6 23. Qxe6 1

[Event "Torneo Nuevo Centro. Jornada 11"]
[Site "Chess.com"]
[Date "2020.08.28"]
[Round "6"]
[White "Donate Moreno, Silvia"]
[Black "Macias Pino, Diego"]
[Result "0-1"]
[WhiteElo "1862"]
[BlackElo "2259"]
[TimeControl "180+2"]
[EndTime "11:28:02 PDT"]
[Termination "Victoria de adivinaquiensoy por abandono"]

1. e4 c6 2. d4 d5 3. exd5 cxd5 4. Bd3 Nc6 5. c3 Nf6 6. Bf4 Bg4 7. Qb3 Qc8 8. Nd2 e6 9. h3 Bh5 10. Ngf3 Bg6 11. Bxg6 hxg6 12. O-O Be7 13. Rfe1 a6 14. a4 O-O 15. a5 Bd8 16. c4 Nxa5 17. Qb4 Nxc4 18. Nxc4 dxc4 19. Rac1 Nd5 20. Qd6 Bc7 0

[Event "Torneo Nuevo Centro. Jornada 11"]
[Site "Chess.com"]
[Date "2020.08.28"]
[Round "6"]
[White "Echeverria, Nestor"]
[Black "Más Ripoll, Vicente"]
[Result "1-0"]
[WhiteElo "1961"]
[BlackElo "1072"]
[TimeControl "180+2"]
[EndTime "11:28:39 PDT"]
[Termination "Victoria de noquierotablas por abandono"]

1. e4 c5 2. Nf3 e6 3. d4 cxd4 4. Nxd4 Nc6 5. Be3 a6 6. Nc3 Nf6 7. f3 e5 8. Nf5 d6 9. Bc4 Bxf5 10. exf5 Qd7 11. g4 h6 12. O-O h5 13. g5 Ng8 14. g6 f6 15. Be6 Qd8 16. Nd5 Nge7 17.
Bb6 1

[Event "Torneo Nuevo Centro. Jornada 11"]
[Site "Chess.com"]
[Date "2020.08.28"]
[Round "6"]
[White "Carbonell Bofill, Carlos Eloy"]
[Black "Vidarte Morales, Arturo"]
[Result "0-1"]
[WhiteElo "1909"]
[BlackElo "2209"]
[TimeControl "180+2"]
[EndTime "11:29:00 PDT"]
[Termination "Victoria de Arturo_Vidarte por abandono"]

1. d4 Nf6 2. Nf3 g6 3. g3 Bg7 4. Bg2 O-O 5. O-O d5 6. c4 Nc6 7. cxd5 Nxd5 8. Nc3 Nb6 9. e3 Re8 10. a4 a5 11. Nb5 Be6 12. Bd2 Bc4 13. Bc3 Bxf1 14.
Kxf1 e6 15. h4 h5 16. Rc1 Nd5 17. Ng5 Nce7 18. Ne4 Nf5 19. Nc5 Nfxe3+ 0

[Event "Torneo Nuevo Centro. Jornada 11"]
[Site "Chess.com"]
[Date "2020.08.28"]
[Round "6"]
[White "Luque Saiz, Andrés"]
[Black "Montesinos Diaz, Luis"]
[Result "1-0"]
[WhiteElo "2057"]
[BlackElo "1890"]
[TimeControl "180+2"]
[EndTime "11:29:05 PDT"]
[Termination "Victoria de Chuch1n por abandono"]

1. Nf3 d5 2. d4 Nf6 3. Bg5 c5 4. e3 Nc6 5. c3 Bg4 6. Nbd2 e6 7. Be2 Be7 8. O-O O-O 9. h3 Bh5 10. Ne5 Bxe2 11. Qxe2 Nxe5 12. dxe5 Nd7 13. Bxe7 Qxe7 14.
f4 Rac8 15. e4 Nb6 16. f5 dxe4 17. f6 Qc7 18. Qg4 g6 19. Qf4 Kh8 20. Nxe4 Nd5 21. Qh6 Rg8 22. Ng5 1

[Event "Torneo Nuevo Centro. Jornada 11"]
[Site "Chess.com"]
[Date "2020.08.28"]
[Round "6"]
[White "Martínez Escandell, Alfonso"]
[Black "Hernández Tomás, Efrén"]
[Result "1-0"]
[WhiteElo "1910"]
[BlackElo "1128"]
[TimeControl "180+2"]
[EndTime "11:30:11 PDT"]
[Termination "Victoria de Alfonso10 por jaque mate"]

1. e4 e5 2. Bc4 Nf6 3. Nc3 Nc6 4. Nf3 d6 5. O-O Be7 6. d4 exd4 7. Nxd4 Nxd4 8.
Qxd4 c5 9. Qd1 b6 10. Qf3 Bb7 11. Re1 O-O 12. Qg3 Nxe4 13. Nxe4 Bxe4 14. Rxe4 Bf6 15. Rg4 Qe7 16. Bf4 Bxb2 17. Bxd6 Qe2 18. Bxe2 Bxa1 19. Bxf8 Rxf8 20. h4 Re8 21. Bf1 Be5 22.
Qd3 Bb8 23. g3 h6 24. Qd7 Rf8 25. Bc4 Kh7 26. Bxf7 g5 27. Bd5+ Kg6 28. hxg5 hxg5 29. f4 Rf5 30. Be4 Kf6 31. Qxf5+ Ke7 32. Qxg5+ Kf7 33.
Qg8+ Kf6 34. Rg6+ Ke7 35. Qh7+ Kd8 36. Rg8# 1

[Event "Torneo Nuevo Centro. Jornada 11"]
[Site "Chess.com"]
[Date "2020.08.28"]
[Round "6"]
[White "Beneyto de Ramon, Guillermo"]
[Black "Blanco Solaz, Ramón"]
[Result "0-1"]
[WhiteElo "1651"]
[BlackElo "1961"]
[TimeControl "180+2"]
[EndTime "11:30:14 PDT"]
[Termination "Victoria de Rbs77 por jaque mate"]

1. c4 d6 2. Nc3 e5 3. g3 g6 4. Bg2 Bg7 5. d3 Nc6 6. Nf3 f5 7. Bg5 Nf6 8. Nd5 O-O 9. Nxf6+ Bxf6 10. Bxf6 Qxf6 11. Qd2 Qg7 12. O-O h6 13. Rab1 a5 14. a3 g5 15. h3 Nd8 16. Nh2 Kh8 17. b4 axb4 18. axb4 Ne6 19. e3 f4 20. b5 h5 21. Qe2 Qg6 22. Be4 Qh6 23. Bf3 Ng7 24.
Bg2 Qg6 25. b6 c6 26. Ra1 Rb8 27. g4 Be6 28. Be4 Qh6 29. Bf3 d5 30. gxh5 Bxh3 31. Ng4 Bxg4 32. Bxg4 Nf5 33. Bxf5 Rxf5 34. Kg2 f3+ 35.
Qxf3 Rxf3 36. Kxf3 Qxh5+ 37. Kg3 Qh4+ 38. Kg2 Qg4+ 39. Kh2 Kg7 40. Rg1 Rh8# 0

[Event "Torneo Nuevo Centro. Jornada 11"]
[Site "Chess.com"]
[Date "2020.08.28"]
[Round "6"]
[White "Tormos Beltran, Maite"]
[Black "Bendayán Claros, Aaron"]
[Result "0-1"]
[WhiteElo "1473"]
[BlackElo "1988"]
[TimeControl "180+2"]
[EndTime "11:30:15 PDT"]
[Termination "Victoria de Cuajada_Zero por abandono"]

1. d4 d5 2. c4 e6 3. Nf3 c6 4. Nc3 f5 5. Bf4 Bd6 6. Bxd6 Qxd6 7. e3 Nd7 8. Rc1 Ngf6 9. cxd5 exd5 10.
a3 O-O 11. Bd3 Ne4 12. b4 a6 13. Qb3 Kh8 14. Nd2 Nxd2 15. Kxd2 Nf6 16. f3 f4 17. Rhe1 fxe3+ 18. Kxe3 Bd7 19. Kf2 Qxh2 20. Rh1 Qf4 21. Qc2 Qxd4+ 22. Kf1 h6 23. Re1 Rae8 24.
Rxe8 Rxe8 25. Bg6 Re7 26. Qe2 Rxe2 0

[Event "Torneo Nuevo Centro. Jornada 11"]
[Site "Chess.com"]
[Date "2020.08.28"]
[Round "6"]
[White "Gukasov, Artem"]
[Black "Pardo Ruiz, Carlos"]
[Result "0-1"]
[WhiteElo "1440"]
[BlackElo "1703"]
[TimeControl "180+2"]
[EndTime "11:30:28 PDT"]
[Termination "Victoria de Carlitoscarlsen por abandono"]

1. e4 Nf6 2. Nc3 e5 3. Nf3 Nc6 4.
Bc4 Nxe4 5. Nxe4 d5 6. Bxd5 Qxd5 7. Nc3 Qd8 8. d3 Bd6 9. Be3 O-O 10. O-O f5 11. d4 exd4 12. Nxd4 Nxd4 13. Bxd4 Be6 14. Re1 Bc4 15. b3 Ba6 16. Be3 Qd7 17. Qd2 Rad8 18. Rad1 Rfe8 19. h3 Qf7 20. Qc1 Bb4 21. Qb2 f4 22.
Bd2 Rxd2 23. Rxe8+ Qxe8 24. Rxd2 Qe1+ 0

[Event "Torneo Nuevo Centro. Jornada 11"]
[Site "Chess.com"]
[Date "2020.08.28"]
[Round "6"]
[White "Marques Montolio, Luis"]
[Black "Pedros Viudes, Santiago"]
[Result "1-0"]
[WhiteElo "1486"]
[BlackElo "1894"]
[TimeControl "180+2"]
[EndTime "11:30:54 PDT"]
[Termination "Victoria de ateneomaritimo por tiempo"]

1. e4 e6 2. d4 d5 3. exd5 exd5 4. Bd3 Bd6 5. Nf3 Bg4 6. O-O Nc6 7. Re1+ Nce7 8.
Bg5 Qd7 9. Nbd2 h6 10. Bh4 g5 11. Bg3 O-O-O 12. a4 f6 13. c3 h5 14. Bxd6 Qxd6 15. h3 Bf5 16. Qc2 Bxd3 17. Qxd3 Nh6 18. b4 g4 19. Nh4 f5 20. b5 Rhg8 21. Re5 Ng6 22. Nxf5 Nxf5 23. Qxf5+ Kb8 24. Re6 Nh4 25. Rxd6 Nxf5 26. Rxd8+ 1

[Event "Torneo Nuevo Centro. Jornada 11"]
[Site "Chess.com"]
[Date "2020.08.28"]
[Round "6"]
[White "Gómez Alonso, Óscar"]
[Black "Gimenez Saiz, Jose Raul"]
[Result "1/2-1/2"]
[WhiteElo "1806"]
[BlackElo "1829"]
[TimeControl "180+2"]
[EndTime "11:31:07 PDT"]
[Termination "Tablas por repeticiÃ³n"]

1. d4 d6 2. c4 e5 3. dxe5 dxe5 4. Qxd8+ Kxd8 5. a3 Be6 6. e3 f6 7. Nc3 Nd7 8. b3 c6 9. Bb2 Kc7 10. O-O-O Nh6 11. Be2 Ng4 12. Rf1 Be7 13. h3 Nh6 14. Nf3 Nf7 15. Rd1 a5 16. Rd2 Nc5 17. b4 axb4 18.
axb4 Nb3+ 19. Kc2 Nxd2 20. Nxd2 Rhd8 21. c5 Bf5+ 22. e4 Be6 23. Bc4 Bxc4 24. Nxc4 Ra6 25. h4 b5 26. cxb6+ Rxb6 27. Nxb6 Kxb6 28. Kb3 Rd2 29.
Rf1 Nh6 30. Nb1 Re2 31. Nc3 Rd2 32. Nb1 Re2 33. Nc3 Rd2 1/2-1

[Event "Torneo Nuevo Centro. Jornada 11"]
[Site "Chess.com"]
[Date "2020.08.28"]
[Round "6"]
[White "Fenollar Jorda, Manolo"]
[Black "Muñoz Pantoja, Miguel"]
[Result "1-0"]
[WhiteElo "2491"]
[BlackElo "2445"]
[TimeControl "180+2"]
[EndTime "11:31:13 PDT"]
[Termination "Victoria de Cucudrulu por abandono"]

1. d4 Nf6 2. Nf3 c5 3. c3 g6 4. Bg5 Bg7 5. e3 O-O 6. Nbd2 d6 7. Be2 Nc6 8. O-O h6 9. Bh4 g5 10. Bg3 Nh5 11. a3 Nxg3 12. hxg3 e5 13. dxc5 dxc5 14. e4 Qe7 15. Nc4 Rd8 16. Qc2 Qc7 17. Ne3 Be6 18. Bc4 Bxc4 19. Nxc4 b5 20. Ne3 c4 21. a4 a6 22.
Rfd1 Ne7 23. axb5 axb5 24. Rxa8 Rxa8 25. Qd2 Ra2 26. Nh2 Kh7 27. Nhf1 Qc6 28. Nd5 Nxd5 29. exd5 Qd7 30. Ne3 f5 31. Qc2 e4 32. g4 b4 33.
Qb1 Ra6 34. Nxf5 bxc3 35. bxc3 Qe8 36. Nxg7 Kxg7 37. Qb7+ 1

[Event "Torneo Nuevo Centro. Jornada 11"]
[Site "Chess.com"]
[Date "2020.08.28"]
[Round "6"]
[White "Yatseta Fernandez, Marc Kazymyr"]
[Black "Ursariu, Nikolas Victor"]
[Result "1-0"]
[WhiteElo "1505"]
[BlackElo "1158"]
[TimeControl "180+2"]
[EndTime "11:31:50 PDT"]
[Termination "Victoria de K_73 por abandono"]

1. d4 d5 2. c4 dxc4 3. Nf3 Nf6 4.
e3 b5 5. a4 Bd7 6. Ne5 bxa4 7.
Nxd7 Qxd7 8. Bxc4 e6 9. Qf3 Nc6 10. Bb5 Nd5 11. Nc3 Bb4 12. Bd2 O-O 13. O-O Rab8 14.
Bxa4 Bxc3 15. Bxc3 h6 16. Rfc1 Rfe8 17. Bd2 Rb6 18. Ba5 Ra6 19. Bb5 Rxa5 20. Rxa5 Nxa5 21. Bxd7 Rd8 22. Bb5 Rb8 23. Bd3 Rxb2 24. Rb1 Rxb1+ 25.
Bxb1 Nc4 26. Ba2 Nd2 27. Qe2 Ne4 28. Bxd5 exd5 29. Qb5 Nd2 30. Qxd5 Nb1 31. Qa8+ Kh7 32. Qxa7 c6 33. Qxf7 Nc3 34. Qc7 Nd5 35. Qxc6 Nf6 1

[Event "Torneo Nuevo Centro. Jornada 11"]
[Site "Chess.com"]
[Date "2020.08.28"]
[Round "6"]
[White "Sampedro Roig, Josep Francesc"]
[Black "Aymerich Rosell, Pablo"]
[Result "0-1"]
[WhiteElo "1841"]
[BlackElo "1997"]
[TimeControl "180+2"]
[EndTime "11:32:02 PDT"]
[Termination "Victoria de jasikevic por tiempo"]

1. e4 c6 2. d4 d5 3. Nc3 dxe4 4.
Nxe4 Nf6 5. Ng3 h5 6. Nf3 h4 7.
Ne2 Bf5 8. Nf4 e6 9. Bd3 Nbd7 10. Bxf5 Qa5+ 11. Bd2 Qxf5 12. Nd3 h3 13. g3 O-O-O 14. Qe2 Bd6 15. O-O-O Kb8 16. Kb1 c5 17. dxc5 Nxc5 18.
Nxc5 Qxc5 19. Be3 Qa5 20. Rxd6 Rxd6 21. Bf4 Qb6 22. Rd1 Nd5 23. Bxd6+ Qxd6 24. c4 Rd8 25. cxd5 exd5 26. Qe5 f6 27. Qxd6+ Rxd6 28. Rd4 Kc7 29. Nh4 Kc6 30. Kc2 Re6 31. Nf5 Re1 32. Rd2 Rh1 33. f4 g6 34. Ne7+ Kc5 35. Nxg6 d4 36. Ne7 Kc4 37. Nf5 d3+ 38. Rxd3 Rxh2+ 39. Rd2 Rxd2+ 40.
Kxd2 h2 41. Ne3+ Kb5 0

[Event "Torneo Nuevo Centro. Jornada 11"]
[Site "Chess.com"]
[Date "2020.08.28"]
[Round "6"]
[White "Chofre Murcia, Adrián"]
[Black "Serrano Requena, Guillem"]
[Result "1-0"]
[WhiteElo "1634"]
[BlackElo "1318"]
[TimeControl "180+2"]
[EndTime "11:32:31 PDT"]
[Termination "Victoria de Kelorian por jaque mate"]

1. e4 c5 2. Nf3 g6 3. Bc4 e6 4. O-O Bg7 5. c3 Nc6 6. d4 cxd4 7. cxd4 Nge7 8. Nc3 d5 9. exd5 exd5 10. Bb5 O-O 11. Bg5 Qc7 12. Bxc6 bxc6 13. Re1 Be6 14. b3 c5 15. Rc1 a6 16. Bxe7 Qxe7 17. Nxd5 Qd6 18.
Nc3 cxd4 19. Ne4 Qb6 20. Qd3 Rac8 21. h3 Rfd8 22. Neg5 Bf5 23. Ne4 Rc3 24. Rxc3 dxc3 25. Qc2 Qb4 26. g4 Bxe4 27. Rxe4 Qb7 28. Kg2 Rd2 29. Nxd2 cxd2 30. f3 Bc3 31. Qxc3 d1=Q 32. Re8# 1

[Event "Torneo Nuevo Centro. Jornada 11"]
[Site "Chess.com"]
[Date "2020.08.28"]
[Round "6"]
[White "Lloret Ramis, Juan José"]
[Black "Carbonell Sancho, Marc"]
[Result "0-1"]
[WhiteElo "1978"]
[BlackElo "1971"]
[TimeControl "180+2"]
[EndTime "11:32:39 PDT"]
[Termination "Victoria de AkaliGOD por tiempo"]

1. c4 e5 2. Nc3 Nc6 3. Nf3 Bc5 4. e3 a6 5. d4 exd4 6. exd4 Ba7 7. d5 Nce7 8. Be2 h6 9. O-O Nf6 10. d6 cxd6 11.
Qxd6 O-O 12. b3 Nf5 13. Qf4 d5 14. cxd5 Nxd5 15. Nxd5 Qxd5 16. Ba3 Re8 17. Bc4 Qc6 18. Rac1 Be6 19. Bd3 Qd7 20. Rfd1 Rad8 21. g4 Nd4 22.
Nxd4 Qxd4 23. Bh7+ Kxh7 24. Rxd4 Rxd4 25. Qc7 Rxg4+ 26.
Kf1 Rg5 27. Rc3 Bd4 28. Rg3 Re5 29. h3 Bd5 30. Bb4 Re2 0

[Event "Torneo Nuevo Centro. Jornada 11"]
[Site "Chess.com"]
[Date "2020.08.28"]
[Round "6"]
[White "Perrot, Fabien "]
[Black "Fente Fernandez, Jose Ignacio"]
[Result "1-0"]
[WhiteElo "1186"]
[BlackElo "1546"]
[TimeControl "180+2"]
[EndTime "11:32:43 PDT"]
[Termination "Victoria de InspiredMinds por abandono"]

1. d4 d5 2. Nf3 c6 3. Bf4 Bf5 4. e3 Nf6 5. Bd3 Bxd3 6. Qxd3 Nbd7 7. O-O g6 8. Re1 Bg7 9. c4 O-O 10. c5 b6 11. cxb6 Nxb6 12. Ne5 Rc8 13. Rc1 Qe8 14. Nd2 Nfd7 15. Qa6 Nxe5 16. Bxe5 f6 17. Bg3 e5 18. Qxa7 Nc4 19. Nxc4 dxc4 20. Rxc4 exd4 21.
Qxd4 f5 22. Qd2 Rd8 23. Qc2 Rb8 24. Rb1 Ra8 25. a3 Ra6 26. Ra4 Rb6 27. Rb4 Rxb4 28. axb4 Qd7 29. Qc4+ Kh8 30. h3 Rd8 31. Qe2 Qb7 32.
Qc4 Qb5 33. Qxb5 cxb5 34. Bc7 Rd1+ 35. Rxd1 1